 Dungeon Crawl Stone Soup version 0.26-a0-690-gcb57259078 (webtiles) character file.

Game seed: 17314520094161689141

0 Gargoyl the Skirmisher (level 1, -14/23 HPs)
             Began as a Gnoll Abyssal Knight on Oct 24, 2020.
             Was a Follower of Lugonu.
             Demolished by a bone dragon (24 damage)
             ... on level 1 of the Abyss.
             The game lasted 00:00:20 (117 turns).

Gargoyl the Skirmisher (Gnoll Abyssal Knight)        Turns: 117, Time: 00:00:21

Health: -14/23     AC:  6    Str: 14    XL:     1   Next: 0%
Magic:  3/3        EV:  8    Int: 14    God:    Lugonu [*.....]
Gold:   8          SH:  0    Dex: 14    Spells: 0/0 levels left

rFire    . . .     SeeInvis .   a - +1 hand axe
rCold    . . .     Faith    .   (no shield)
rNeg     . . .     Spirit   .   d - +0 ring mail
rPois    .         Reflect  .   (no helmet)
rElec    .         Harm     .   (no cloak)
rCorr    .         Rampage  .   (no gloves)
MR       .....                  (no boots)
Stlth    +.........             (no amulet)
HPRegen  0.07/turn              (no ring)
MPRegen  0.08/turn              (no ring)

@: constricted
A: distributed training, fangs 1, strong nose
a: Depart the Abyss, Renounce Religion


You were on level 1 of the Abyss.
You worshipped Lugonu.
Lugonu was aware of your devotion.
You visited 0 branches of the dungeon, and saw 0 of its levels.
You visited the Abyss 1 time.

You collected 8 gold pieces.

Inventory:

Hand Weapons
 a - a +1 hand axe (weapon)
Armour
 b - a +0 leather armour
 d - a +0 ring mail (worn)


   Skills:
 + Level 6.4 Fighting
 + Level 0.0 Short Blades
 + Level 0.0 Long Blades
 + Level 4.4 Axes
 + Level 0.0 Maces & Flails
 + Level 0.0 Polearms
 + Level 0.0 Staves
 + Level 0.0 Slings
 + Level 0.0 Bows
 + Level 0.0 Crossbows
 + Level 0.0 Throwing
 + Level 4.4 Armour
 + Level 2.3 Dodging
 + Level 0.0 Stealth
 + Level 0.0 Shields
 + Level 0.0 Unarmed Combat
 + Level 0.0 Spellcasting
 + Level 0.0 Conjurations
 + Level 0.0 Hexes
 + Level 0.0 Summonings
 + Level 0.0 Necromancy
 + Level 0.0 Translocations
 + Level 0.0 Transmutations
 + Level 0.0 Fire Magic
 + Level 0.0 Ice Magic
 + Level 0.0 Air Magic
 + Level 0.0 Earth Magic
 + Level 0.0 Poison Magic
 + Level 4.4 Invocations
 + Level 0.0 Evocations


You couldn't memorise any spells.
You didn't know any spells.
Your spell library was empty.

Dungeon Overview and Level Annotations

Branches:
Dungeon (0/15)

Altars:


Innate Abilities, Weirdness & Mutations

Your experience applies equally to all skills.
You have very sharp teeth.
Your uncanny sense of smell can sniff out nearby items.


Message History

The starspawn tentacle constricts you.
You escape the starspawn tentacle's grasp.
The worldbinder calls forth creatures from the Vaults!
The yaktaur disappears in a puff of smoke!
The starspawn tentacle closely misses you.
Found a large filigree amulet.
The worldbinder barely misses you. The worldbinder hits you.
A tentacle flies out from the starspawn's body!
A starspawn tentacle comes into view.
The worldbinder closely misses you. The worldbinder barely misses you.
Unknown command.
The yaktaur disappears in a puff of smoke!
The starspawn tentacle grabs you. The starspawn tentacle constricts you.
The starspawn tentacle loses its grip on you.
The tentacle pulls you backwards! The starspawn tentacle grabs you.
The starspawn tentacle constricts you.
The starspawn tentacle's grasp on you weakens, but your attempt to escape fails.
The bone dragon bites you!!
Ouch! That really hurt!
You die...

..................... .
.......#.....§.......#
....#.............§.....
...........#.....#...§...
.. ....#................
............X─...........
........#..│..\..........
..........│..cw.........
..... ....\§pw@...#....
#...#......──xD.."..... .
........#.....#§...#
.#......#..§........
........##.........
................#..
.....#...........
..........§§...#. ...
...... .....


You could see a bone dragon, an ironheart preserver (summoned), a tentacled
starspawn, a yaktaur (summoned), a worldbinder and 2 starspawn tentacles.

Vanquished Creatures (others)
  2 starspawn tentacles (Abyss:1)
2 creatures vanquished.

Notes
Turn   | Place    | Note
-------+----------+-------------------------------------------
     0 | Abyss:1  | Gargoyl the Gnoll Abyssal Knight began the quest for the
                  | Orb.
     0 | Abyss:1  | Reached XP level 1. HP: 23/23 MP: 3/3
    58 | Abyss:1  | Found a corrupted altar of Lugonu.
    90 | Abyss:1  | Noticed a raiju
    91 | Abyss:1  | Noticed a bone dragon
    92 | Abyss:1  | Noticed a tentacled starspawn
    93 | Abyss:1  | Noticed a freezing wraith
   101 | Abyss:1  | Noticed a worldbinder
   107 | Abyss:1  | Noticed a yaktaur
   111 | Abyss:1  | Noticed a yaktaur
   111 | Abyss:1  | Noticed an ironheart preserver
   111 | Abyss:1  | Noticed a yaktaur
   117 | Abyss:1  | Demolished by a bone dragon

Illustrated notes

Levels and vault maps discovered:
Abyss:1:  evilmike_abyss_exit_plants

Action                   || total
-------------------------++-------
  Use: Scroll            ||     2
       Potion            ||     1
Armor: Ring mail         ||     1
Dodge: Dodged            ||     8

Table legend: (Time is in decaauts)
 A = Elapsed time spent in this place.
 B = Non-inter-level travel time spent in this place.
 C = Inter-level travel time spent in this place.
 D = Time resting spent in this place.
 E = Time spent auto-exploring this place.
 F = Levels seen in this place.
 G = Mean time per level.
                   A        B        C        D        E       F      G
               +--------+--------+--------+--------+--------+-----+--------+
         Total |    117 |    117 |      0 |      0 |     70 |   1 |  117.0 |
         Abyss |    117 |    117 |      0 |      0 |     70 |   1 |  117.0 |
               +--------+--------+--------+--------+--------+-----+--------+

Top non-repeatable levels by time:
 Abyss:1: 117 daAuts
